AoeStats
← Giantazio

Arena

506935334Analyzed
4v4 RM · 17d ago on Sep 15, 2026· 59m 53s· 8 players
Game mode
Random Map
Map size
Large (8 player)
Population
200
Speed
Normal
Resources
Standard
Victory
Conquest
Starting age
Dark Age
Ending age
Imperial Age
RankedLock teamsTeams togetherTeam positionsShared explorationLock speedFull tech treeHidden civsTurbo modeCheats
Victory
Defeat
🇳🇮 Khmer · Nicaragua
960
+17
🇬🇧 Japanese · United Kingdom
952
+17
🇫🇴 Maya · Faroe Islands
949
+17
🇦🇷 Spanish · Argentina
910
+19
🇮🇹 Poles · Italy
1002
-18
🇮🇹 Bulgarians · Italy
988
-18
🇮🇹 Mongols · Italy
973
-17
🇮🇹 Saracens · Italy
957
-17
SonniRagz
15:21 Feudal Age
16:19 Double-Bit Axe
16:28 Gold Mining
16:28 Stone Mining
16:21 Horse Collar
20:06 Castle Age
20:01 Scale Mail Armor
20:11 Forging
21:01 Man-at-Arms
21:41 Squires
21:28 Arson
21:59 Heavy Plow
22:36 Stone Shaft Mining
22:13 Bow Saw
23:34 Wheelbarrow
22:44 Town Watch
30:32 Wheelbarrow
29:42 Town Watch
29:42 Loom
30:26 Eagle Warrior
30:27 Long Swordsman
32:13 Chain Mail Armor
32:34 Iron Casting
34:07 Hand Cart
33:52 Town Patrol
34:51 Coinage
38:36 Imperial Age
40:14 Holcans
40:04 Conscription
39:07 Elite Eagle Warrior
40:22 Plate Mail Armor
40:52 Blast Furnace
40:28 Banking
40:09 Guilds
41:34 Ballistics
45:34 Crop Rotation
46:07 Two-Man Saw
45:08 Heavy Scorpion
45:58 Capped Ram
59:08 Siege Ram
Legolas
11:22 Feudal Age
17:02 Castle Age
22:43 Double-Bit Axe
28:22 Bow Saw
34:23 Imperial Age
31:53 Horse Collar
32:17 Gold Mining
34:38 Gold Shaft Mining
35:50 Town Watch
39:15 Heavy Plow
46:35 Wheelbarrow
47:41 Hand Cart
54:16 Light Cavalry
55:09 Bloodlines
55:01 Husbandry
55:37 Conscription
55:10 Hussar
57:41 Scale Barding Armor
57:47 Forging
LiMe86
11:10 Loom
14:22 Feudal Age
15:33 Horse Collar
15:40 Double-Bit Axe
21:49 Castle Age
20:07 Scale Mail Armor
20:08 Stone Mining
20:11 Gold Mining
21:11 Forging
21:03 Scale Mail Armor
21:54 Arson
23:06 Bow Saw
22:57 Heavy Plow
23:42 Iron Casting
24:09 Wheelbarrow
23:47 Squires
24:11 Chain Mail Armor
26:32 Hand Cart
30:01 Imperial Age
28:26 Town Watch
30:52 Gold Shaft Mining
32:49 Conscription
33:50 Blast Furnace
33:21 Plate Mail Armor
34:17 Two-Man Saw
34:09 Fletching
34:19 Padded Archer Armor
33:56 Elite Samurai
35:08 Kataparuto
40:14 Bodkin Arrow
40:36 Leather Archer Armor
46:35 Caravan
54:40 Elite Skirmisher
55:26 Thumb Ring
56:22 Pikeman
57:50 Halberdier
Dohko de Libra
11:36 Feudal Age
12:02 Horse Collar
12:09 Double-Bit Axe
16:19 Wheelbarrow
18:45 Castle Age
16:43 Gold Mining
17:09 Stone Mining
18:46 Padded Archer Armor
18:58 Bloodlines
19:58 Hand Cart
19:52 Loom
20:16 Heavy Plow
20:37 Bow Saw
22:40 Leather Archer Armor
22:33 Husbandry
25:13 Scale Barding Armor
25:18 Forging
26:30 Chain Barding Armor
28:58 Iron Casting
30:28 Fletching
34:36 Imperial Age
31:36 Elite Skirmisher
33:36 Ballistics
33:29 Fortified Wall
33:17 Murder Holes
33:44 Masonry
34:06 Bodkin Arrow
35:44 Stone Shaft Mining
34:39 Elite Conquistador
35:40 Conscription
36:43 Chemistry
35:55 Masonry
37:34 Ring Archer Armor
44:44 Bracer
45:45 Blast Furnace
45:21 Plate Barding Armor
44:09 Light Cavalry
50:14 Hussar
Mosto990
10:42 Feudal Age
14:24 Castle Age
12:20 Double-Bit Axe
12:46 Horse Collar
17:19 Bow Saw
18:17 Heavy Plow
20:11 Wheelbarrow
21:04 Forging
22:04 Hand Cart
22:45 Gold Mining
22:47 Stone Mining
23:31 Town Watch
25:18 Stone Shaft Mining
24:31 Loom
27:47 Masonry
27:27 Treadmill Crane
28:01 Fortified Wall
30:49 Imperial Age
32:34 Chemistry
31:43 Szlachta Privileges
32:02 Conscription
31:50 Town Patrol
31:25 Elite Skirmisher
32:01 Fletching
32:47 Iron Casting
33:02 Crop Rotation
32:57 Husbandry
33:08 Bloodlines
33:15 Scale Barding Armor
34:11 Blast Furnace
33:39 Cavalier
33:41 Light Cavalry
34:54 Chain Barding Armor
34:35 Scale Mail Armor
35:03 Scale Mail Armor
36:37 Bodkin Arrow
36:42 Padded Archer Armor
37:05 Ballistics
36:28 Winged Hussar
38:01 Bracer
38:17 Leather Archer Armor
39:19 Siege Engineers
39:12 Murder Holes
fiordy90
13:03 Feudal Age
13:47 Double-Bit Axe
17:49 Castle Age
16:56 Horse Collar
18:37 Gold Mining
18:42 Stone Mining
19:21 Bow Saw
21:51 Heavy Plow
24:47 Wheelbarrow
25:29 Gold Mining
25:56 Forging
25:52 Scale Barding Armor
25:54 Scale Mail Armor
28:09 Gold Shaft Mining
28:14 Hand Cart
29:47 Chain Barding Armor
30:02 Iron Casting
31:29 Caravan
35:51 Imperial Age
34:02 Elite Skirmisher
35:17 Town Watch
35:51 Chain Mail Armor
36:03 Town Patrol
35:48 Treadmill Crane
36:33 Ballistics
37:47 Chemistry
38:43 Conscription
37:44 Elite Mameluke
42:46 Husbandry
45:11 Fortified Wall
Giantazio
8:21 Loom
10:54 Feudal Age
14:55 Castle Age
13:59 Double-Bit Axe
17:13 Forging
19:23 Squires
20:50 Iron Casting
22:00 Scale Mail Armor
22:54 Wheelbarrow
23:25 Stone Mining
24:45 Hand Cart
25:42 Stone Shaft Mining
26:00 Horse Collar
28:06 Heavy Plow
28:46 Scale Barding Armor
28:57 Chain Mail Armor
32:13 Imperial Age
30:19 Chain Barding Armor
29:51 Gold Mining
31:28 Gold Shaft Mining
31:10 Bow Saw
33:44 Plate Barding Armor
34:13 Blast Furnace
33:45 Plate Mail Armor
33:27 Husbandry
34:30 Crop Rotation
35:25 Onager
36:59 Conscription
36:53 Elite Konnik
37:34 Stirrups
45:11 Coinage
44:41 Caravan
45:18 Heavy Scorpion
58:11 Fletching
58:21 Padded Archer Armor
Bipaccio
9:16 Loom
11:01 Feudal Age
15:08 Castle Age
13:16 Double-Bit Axe
13:54 Loom
15:22 Horse Collar
18:55 Bow Saw
24:28 Heavy Plow
26:01 Wheelbarrow
28:33 Gold Mining
32:06 Imperial Age
30:36 Scale Barding Armor
30:47 Bloodlines
32:55 Husbandry
33:27 Forging
34:46 Iron Casting
34:52 Murder Holes
37:41 Chemistry
37:34 Conscription
38:31 Gold Shaft Mining
37:48 Stone Mining
38:19 Hand Cart
37:49 Town Watch
39:17 Chain Barding Armor
41:23 Elite Steppe Lancer
43:09 Stone Shaft Mining
42:26 Fletching
44:17 Blast Furnace
44:07 Bodkin Arrow
44:13 Padded Archer Armor
45:22 Leather Archer Armor
45:08 Bracer
46:08 Ballistics
45:39 Guard Tower
46:01 Masonry
45:34 Elite Mangudai
46:55 Town Patrol
54:28 Fortified Wall
54:24 Siege Engineers
54:22 Nomads
Connection lost

Rejoining the realm…

Still unreachable

The connection could not be restored.

Session expired

The server has moved on; the page needs a fresh start.